 Dungeon Crawl Stone Soup version 0.25-a0-496-g8c4878dea3 (webtiles) character file.

Game seed: 3453381847797466589, levelgen mode: deterministic

2999 RedPan the Protected (level 9, -6/102 HPs)
             Began as a Gnoll Wanderer on Feb 12, 2020.
             Mangled by a two-headed ogre
             ... wielding a +0 giant club
              (8 damage)
             ... on level 8 of the Dungeon.
             The game lasted 00:14:45 (8965 turns).

RedPan the Protected (Gnoll Wanderer)               Turns: 8965, Time: 00:14:46

Health: -6/102     AC: 24    Str: 20    XL:     9   Next: 84%
Magic:  15/15      EV:  2    Int: 14    God:
Gold:   372        SH:  0    Dex: 16    Spells: 17/17 levels left

rFire    . . .     SeeInvis .   o - +0 war axe
rCold    + . .     Gourm    .   (no shield)
rNeg     + + +     Faith    .   (armour currently unavailable)
rPois    +         Spirit   .   (helmet currently unavailable)
rElec    .         Reflect  .   (cloak currently unavailable)
rCorr    .         Harm     .   (gloves currently unavailable)
MR       .....     NoTele   +   (boots currently unavailable)
Stlth    +++.......             (no amulet)
HPRegen  0.27/turn              r - +3 ring of strength
MPRegen  0.14/turn              C - ring of protection from cold

@: tree-form
A: distributed training, strong nose
a: no special abilities


You were on level 8 of the Dungeon.
You were not hungry.
You were a tree.
You visited 2 branches of the dungeon, and saw 9 of its levels.

You collected 372 gold pieces.

Inventory:

Hand Weapons
 a - a +2 hand axe
 l - a +0 vampiric trident
 o - a +0 war axe (weapon)
Armour
 d - a +1 plate armour (melded)
 m - a +0 pair of gloves (melded)
 s - a +0 cloak (melded)
 B - a +0 pair of boots (melded)
Jewellery
 r - a +3 ring of strength (left branch)
 w - an uncursed ring of positive energy
 y - a +3 ring of dexterity
 C - a ring of protection from cold (right branch)
Wands
 h - a wand of polymorph (6)
 k - a wand of iceblast (1)
 z - a wand of acid (12)
Scrolls
 e - 7 scrolls of teleportation
 g - 3 scrolls of immolation
 i - 4 scrolls of remove curse
 q - a scroll of fear
 u - 5 scrolls of identify
 v - 2 scrolls of amnesia
 D - a scroll of acquirement {unknown}
Potions
 b - 3 potions of curing
 j - a potion of heal wounds
 n - 2 potions of mutation
 p - a potion of resistance
 t - a potion of ambrosia
 A - a potion of flight
Comestibles
 f - 13 rations
 x - 8 chunks of flesh


   Skills:
 + Level 5.3 Fighting
 + Level 4.5 Short Blades
 + Level 4.5 Long Blades
 + Level 6.5 Axes
 + Level 4.5 Maces & Flails
 + Level 4.5 Polearms
 + Level 4.5 Staves
 + Level 4.5 Slings
 + Level 4.5 Bows
 + Level 4.5 Crossbows
 + Level 4.5 Throwing
 + Level 8.0 Armour
 + Level 5.3 Dodging
 + Level 5.2 Stealth
 + Level 4.5 Shields
 + Level 5.3 Unarmed Combat
 + Level 4.5 Spellcasting
 + Level 3.7 Conjurations
 + Level 3.7 Hexes
 + Level 3.7 Charms
 + Level 3.7 Summonings
 + Level 3.7 Necromancy
 + Level 3.7 Translocations
 + Level 3.7 Transmutations
 + Level 3.7 Fire Magic
 + Level 3.7 Ice Magic
 + Level 3.7 Air Magic
 + Level 3.7 Earth Magic
 + Level 3.7 Poison Magic
 + Level 5.0 Invocations
 + Level 5.3 Evocations


You had 17 spell levels left.
You didn't know any spells.
Your spell library contained the following spells:

 Spells                   Type           Power        Failure   Level  Hunger
 Summon Small Mammal      Summ           ##..         4%          1    None
 Call Imp                 Summ           ##......     6%          2    ##.....
 Call Canine Familiar     Summ           ##......     12%         3    ###....
 Summon Guardian Golem    Hex/Summ       ##......     12%         3    ###....
 Summon Ice Beast         Ice/Summ       ##......     36%         4    ####...
 Summon Lightning Spire   Summ/Air       ##......     36%         4    ####...


Dungeon Overview and Level Annotations

Branches:
Dungeon (8/15)             Temple (1/1) D:5
   Lair: D:8-11

Altars:
Ashenzari
Elyvilon
Fedhas
Gozag
Hepliaklqana
Kikubaaqudgha
Makhleb
Nemelex Xobeh
Ru
Uskayaw
Vehumet
Wu Jian
Yredelemnul
Zin
The Shining One

Shops:
D:4 ((   D:6 (


Innate Abilities, Weirdness & Mutations

Your experience applies equally to all skills.
((You have very sharp teeth.))
Your uncanny sense of smell can sniff out nearby items.


Message History

The two-headed ogre hits you but does no damage.
You closely miss the two-headed ogre.
The two-headed ogre is heavily wounded.
The two-headed ogre hits you with a +0 giant club!
The two-headed ogre barely misses you.
You slash the two-headed ogre!
The two-headed ogre is severely wounded.
The two-headed ogre hits you with a +0 giant club!
The two-headed ogre hits you with a +0 giant club!!
* * * LOW HITPOINT WARNING * * *
You hit the two-headed ogre.
The two-headed ogre is severely wounded.
The two-headed ogre hits you with a +0 giant club.
* * * LOW HITPOINT WARNING * * *
The two-headed ogre hits you with a +0 giant club!
* * * LOW HITPOINT WARNING * * *
You barely miss the two-headed ogre.
The two-headed ogre is severely wounded.
The two-headed ogre hits you with a +0 giant club!
You die...

+# ##+## .. ....# . .... #.
#..## ####.##...# ###
#.........####.# ∆
#....O♣..##....##### #.....
##+####..##........#
+....######....##..##...#....#
#....#.............'....#....#
.....#............?#....#....#
...yy#.............##...#..).#
....y#.........##..#######'###
.....#.........##.?##.......#
#...<#..............#.......#


You could see a two-headed ogre.

Vanquished Creatures
  Eustachio (D:4)
  Edmund (D:5)
  A warg (D:7)
  2 orc warriors
  3 sky beasts
  5 ice beasts
  A necrophage (D:7)
  4 ogres
  4 bullfrogs
  A killer bee (D:7)
  2 howler monkeys
  5 crimson imps
  A bullfrog zombie (D:7)
  5 orc priests
  Crazy Yiuf (D:2)
  5 iguanas
  An iron imp (D:3)
  Terence (D:2)
  4 orc wizards
  A worker ant (D:4)
  A hound skeleton (D:5)
  8 adders
  An ooze (D:1)
  An adder skeleton (D:4)
  3 worms
  4 leopard geckos
  23 orcs
  9 giant cockroaches
  6 goblins
  6 hobgoblins
  20 jackals
  2 quokkas
  2 ball pythons
  5 bats
  6 frilled lizards
  6 kobolds
  A leopard gecko skeleton (D:3)
  A quokka skeleton (D:7)
  A quokka zombie (D:8)
  7 rats
162 creatures vanquished.

Vanquished Creatures (others)
  An orc wizard (D:7)
1 creature vanquished.

Grand Total: 163 creatures vanquished

Notes
Turn   | Place    | Note
-------+----------+-------------------------------------------
     0 | D:1      | RedPan the Gnoll Wanderer began the quest for the Orb.
     0 | D:1      | RedPan set off with the following items: a +2 hand axe, a
                  | potion of curing, a potion of lignification, a +0 robe, a
                  | ration
     0 | D:1      | Reached XP level 1. HP: 17/17 MP: 2/2
   354 | D:1      | Reached XP level 2. HP: 23/23 MP: 3/3
   611 | D:1      | Reached XP level 3. HP: 28/28 MP: 4/4
   726 | D:1      | Found a glowing silver altar of Zin.
   930 | D:2      | Found a basalt altar of Yredelemnul.
  1047 | D:2      | Reached skill level 1 in Invocations
  1328 | D:2      | Found a runed translucent door.
  1329 | D:2      | Noticed Crazy Yiuf
  1364 | D:2      | Noticed Terence
  1386 | D:2      | Killed Terence
  1386 | D:2      | Reached skill level 1 in Short Blades
  1386 | D:2      | Reached skill level 1 in Long Blades
  1386 | D:2      | Reached skill level 1 in Maces & Flails
  1386 | D:2      | Reached skill level 1 in Polearms
  1386 | D:2      | Reached skill level 1 in Staves
  1386 | D:2      | Reached skill level 1 in Slings
  1386 | D:2      | Reached skill level 1 in Bows
  1386 | D:2      | Reached skill level 1 in Crossbows
  1386 | D:2      | Reached skill level 1 in Throwing
  1386 | D:2      | Reached skill level 1 in Shields
  1386 | D:2      | Reached skill level 1 in Spellcasting
  1386 | D:2      | Reached XP level 4. HP: 19/34 MP: 4/6
  1534 | D:2      | Found a shattered altar of Ashenzari.
  1685 | D:2      | Reached skill level 1 in Conjurations
  1685 | D:2      | Reached skill level 1 in Hexes
  1685 | D:2      | Reached skill level 1 in Charms
  1685 | D:2      | Reached skill level 1 in Summonings
  1685 | D:2      | Reached skill level 1 in Necromancy
  1685 | D:2      | Reached skill level 1 in Translocations
  1685 | D:2      | Reached skill level 1 in Transmutations
  1685 | D:2      | Reached skill level 1 in Fire Magic
  1685 | D:2      | Reached skill level 1 in Ice Magic
  1685 | D:2      | Reached skill level 1 in Air Magic
  1685 | D:2      | Reached skill level 1 in Earth Magic
  1685 | D:2      | Reached skill level 1 in Poison Magic
  2016 | D:2      | Found an opulent altar of Gozag.
  2016 | D:2      | Found a glowing silver altar of Zin.
  2219 | D:2      | Killed Crazy Yiuf
  2219 | D:2      | Reached XP level 5. HP: 40/40 MP: 7/7
  2942 | D:3      | Reached XP level 6. HP: 47/47 MP: 8/8
  3166 | D:3      | Noticed Grinder
  3176 | D:3      | Noticed Grinder
  3176 | D:3      | Grinder changed into Grinder the iron imp
  3183 | D:3      | Killed Grinder the iron imp
  3566 | D:4      | Found Yptun's Weapon Shoppe.
  3590 | D:4      | Noticed Eustachio
  3631 | D:4      | Killed Eustachio
  3631 | D:4      | Reached skill level 5 in Axes
  3631 | D:4      | Reached XP level 7. HP: 33/52 MP: 8/10
  3833 | D:4      | Found Faudajy's Weapon Shoppe.
  4186 | D:4      | Reached skill level 7 in Armour
  4535 | D:5      | Entered Level 5 of the Dungeon
  4684 | D:5      | Found a staircase to the Ecumenical Temple.
  4706 | Temple   | Entered the Ecumenical Temple
  5228 | D:5      | Found a glowing golden altar of the Shining One.
  5258 | D:5      | Found a sparkling altar of Nemelex Xobeh.
  5450 | D:5      | Reached XP level 8. HP: 24/60 MP: 12/12
  5634 | D:5      | Noticed Edmund
  5669 | D:5      | Killed Edmund
  6023 | D:6      | Found Xeiho's Weapon Shoppe.
  7035 | D:6      | Reached XP level 9. HP: 34/66 MP: 14/14
  7731 | D:6      | Found a radiant altar of Vehumet.
  7732 | D:6      | Found a burning altar of Makhleb.
  8138 | D:7      | Reached skill level 5 in Fighting
  8138 | D:7      | Reached skill level 5 in Dodging
  8138 | D:7      | Reached skill level 5 in Unarmed Combat
  8138 | D:7      | Reached skill level 5 in Evocations
  8497 | D:7      | Reached skill level 5 in Stealth
  8596 | D:7      | Reached skill level 8 in Armour
  8881 | D:8      | Reached skill level 5 in Invocations
  8950 | D:8      | Noticed a two-headed ogre
  8964 | D:8      | HP: 1/102 [two-headed ogre/+0 giant club (10)]
  8965 | D:8      | Mangled by a two-headed ogre

Levels and vault maps discovered:
D:1:      onia_arrival_mini_maze, layout_basic, kennysheep_flooded_box
D:2:      layout_loops_ring, grunt_temple_overflow_gold_and_silver,
          marbit_many_paths, evilmike_ruin_ashenzari, uniq_terence,
          uniq_crazy_yiuf_cottage
D:3:      layout_basic, chequers_serial_rivers_micro_e, uniq_grinder
D:4:      layout_gridville, first_ration, serial_shops, shop,
          nicolae_shop_waterfront, corexii_hall_statues_deadend, uniq_eustachio
D:5:      layout_basic, nemelex_xobeh_ov_fountains_minmay,
          minmay_temple_entry_statues_fountains, kennysheep_another_room,
          tso_metal_star, uniq_edmund
D:6:      layout_loops_ring, grunt_temple_overflow_lords_of_destruction,
          serial_shops, shop
D:7:      layout_rooms
D:8:      layout_gridville, erik_lair_orcish_takeover
Temple:   jpeg_temple_island

Skill      XL: |  1  2  3  4  5  6  7  8  9 |
---------------+----------------------------+-----
Invocations    | 1 2 3 4 5 |  5.0
Short Blades   | 1 2 3 4 |  4.5
Long Blades    | 1 2 3 4 |  4.5
Maces & Flails | 1 2 3 4 |  4.5
Polearms       | 1 2 3 4 |  4.5
Staves         | 1 2 3 4 |  4.5
Slings         | 1 2 3 4 |  4.5
Bows           | 1 2 3 4 |  4.5
Crossbows      | 1 2 3 4 |  4.5
Throwing       | 1 2 3 4 |  4.5
Shields        | 1 2 3 4 |  4.5
Spellcasting   | 1 2 3 4 |  4.5
Conjurations   | 1 2 3 |  3.7
Hexes          | 1 2 3 |  3.7
Charms         | 1 2 3 |  3.7
Summonings     | 1 2 3 |  3.7
Necromancy     | 1 2 3 |  3.7
Translocations | 1 2 3 |  3.7
Transmutations | 1 2 3 |  3.7
Fire Magic     | 1 2 3 |  3.7
Ice Magic      | 1 2 3 |  3.7
Air Magic      | 1 2 3 |  3.7
Earth Magic    | 1 2 3 |  3.7
Poison Magic   | 1 2 3 |  3.7
Fighting       | 3 4 5 |  5.3
Dodging        | 3 4 5 |  5.3
Unarmed Combat | 3 4 5 |  5.3
Evocations     | 3 4 5 |  5.3
Stealth        | 3 4 5 |  5.2
Axes           | 5 6 |  6.5
Armour         | 7 8 |  8.0

Action                   |  1- 3 |  4- 6 |  7- 9 || total
-------------------------+-------+-------+-------++-------
Melee: Hand axe          |   124 |    52 |       ||   176
       Bite              |     8 |    20 |    70 ||    98
       Punch             |     1 |     2 |     8 ||    11
       War axe           |       |   114 |   543 ||   657
Evoke: Wand              |       |     1 |     3 ||     4
  Use: Scroll            |     5 |     4 |     7 ||    16
       Potion            |       |     3 |     7 ||    10
  Eat: Chunk             |     2 |     7 |    18 ||    27
Armor: Chain mail        |    13 |       |       ||    13
       Plate armour      |    71 |   131 |   382 ||   584
       Skin              |       |       |    28 ||    28
Dodge: Dodged            |    39 |    38 |   201 ||   278

Table legend:
 A = Non-vault XP
 B = Vault XP
 C = Vault XP percentage of total XP
 D = Non-vault monster count
 E = Vault monster count
 F = Vault count percentage of total count
                 A         B        C        D         E       F
            +---------+---------+-------+---------+---------+-------
      Total |    3572 |     713 |  16.6 |     154 |       8 |   4.9
            +---------+---------+-------+---------+---------+-------
        D:1 |      37 |       0 |   0.0 |      22 |       0 |   0.0
        D:2 |      82 |      79 |  49.1 |      23 |       3 |  11.5
        D:3 |     195 |      39 |  16.7 |      29 |       1 |   3.3
        D:4 |     229 |     196 |  46.1 |      12 |       1 |   7.7
        D:5 |     472 |     176 |  27.2 |      19 |       1 |   5.0
        D:6 |    1356 |      50 |   3.6 |      29 |       1 |   3.3
        D:7 |    1069 |     173 |  13.9 |      17 |       1 |   5.6
        D:8 |     132 |       0 |   0.0 |       3 |       0 |   0.0
            +---------+---------+-------+---------+---------+-------
